 Dungeon Crawl Stone Soup version 0.16-a0-2702-gfff482a (console) character file.

680 utis the Conjurer (level 7, 36/36 HPs)
             Began as a Deep Elf Earth Elementalist on Nov 25, 2014.
             Quit the game on level 1 of the Abyss.
             The game lasted 00:16:15 (4822 turns).

utis the Conjurer (Deep Elf Earth Elementalist)     Turns: 4822, Time: 00:16:15

Health: 36/36      AC:  5    Str:  7    XL:     7   Next: 34%
Magic:  20/20      EV: 19    Int: 20    God:
Gold:   7          SH:  0    Dex: 15    Spells: 4 memorised, 3 levels left

rFire  . . .     SeeInvis +     M - staff of cold
rCold  + . .     Clarity  .     y - +0 leather armour
rNeg   . . .     SustAb   .     (no shield)
rPois  .         Gourm    +     (no helmet)
rElec  .         Spirit   .     (no cloak)
rCorr  .         Warding  .     K - +0 pair of gloves
rMut   .         Stasis   .     I - +0 pair of boots
MR     .....                    l - amulet of the gourmand
Stlth  ++........               C - +6 ring of evasion {=R}
                                r - ring of see invisible

@: not resistant to hostile enchantments, unstealthy
A: no striking features
a: no special abilities


You were on level 1 of the Abyss.
You were completely stuffed.

You visited 1 branch of the dungeon, and saw 4 of its levels.
You visited the Abyss 1 time.

You collected 193 gold pieces.
You spent 186 gold pieces at shops.

Inventory:

Hand weapons
 a - a +0 short sword
 m - a +0 dagger
 E - a +0 halberd
 F - a cursed -2 mace
 G - a +2 spear of distortion {!w!w,=f}
 J - a +0 rapier
Missiles
 b - 135 stones {=f}
 e - 6 tomahawks (quivered)
 s - 15 sling bullets
Armour
 c - a +0 robe
 y - a +0 leather armour (worn)
 I - a +0 pair of boots (worn)
 K - a +0 pair of gloves (worn)
Magical staves
 M - an uncursed staff of cold (weapon)
Jewellery
 l - an amulet of the gourmand (around neck)
 r - a ring of see invisible (left hand)
 C - a +6 ring of evasion (right hand) {=R}
Magical devices
 w - a wand of random effects (32)
Scrolls
 i - a scroll of remove curse
 k - a scroll of amnesia
 n - a scroll of enchant armour {unknown}
 t - a scroll of blinking {unknown}
 u - 3 scrolls of teleportation {unknown}
 v - a scroll of immolation
 z - 2 scrolls of magic mapping {unknown}
 A - 3 scrolls of recharging
 B - a scroll of fear {unknown}
 H - a scroll of enchant weapon {unknown}
Potions
 h - a potion of haste
 j - a potion of resistance
 o - 2 potions of curing
 q - a potion of heal wounds
 x - a potion of lignification {unknown}
 D - 2 potions of restore abilities {unknown}
Books
 d - a book of Geomancy

   Spells                             Type                      Level
   *Sandblast                         Earth                        1
   *Stoneskin                         Transmutation/Earth          2
   *Passwall                          Transmutation/Earth          3
   *Stone Arrow                       Conjuration/Earth            3
   Petrify                            Transmutation/Earth          4
   Lee's Rapid Deconstruction         Earth                        5
Comestibles
 f - a beef jerky
 g - 3 bread rations
 p - 2 meat rations
 L - 3 chunks of flesh


   Skills:
 + Level 5.3 Dodging
 - Level 2.4 Stealth
 - Level 3.0 Spellcasting
 - Level 6.2 Conjurations
 - Level 1.1 Transmutations
 - Level 5.3 Earth Magic


You had 3 spell levels left.
You knew the following spells:

 Your Spells              Type           Power        Failure   Level  Hunger
a - Sandblast             Erth           ###...       1%          1    None
b - Stone Arrow           Conj/Erth      ####..       4%          3    ###....
o - Stoneskin             Trmt/Erth      ###.....     10%         2    ##.....
Z - Passwall              Trmt/Erth      ###.......   14%         3    ###....


Dungeon Overview and Level Annotations

Branches:
Dungeon (4/15)
 Temple: D:4-7

Altars:

Shops:
D:4 [*


Message History

You kill the kobold!
You see here a kobold corpse.
You butcher the kobold corpse.
You see here 2 poisonous chunks of flesh.
You see here a gnarled glowing staff.
M - a gnarled glowing staff Wield which item (- for none, * to show all)? (? for menu, Esc to quit)
Really unwield
G - a +2 spear of distortion {!w!w,=f}?
M - an uncursed staff of cold (weapon)
You are cast into the Abyss!
To return, you must find a gate leading back.
Welcome to the Abyss!
You sense a powerful magical force warping space.
Unknown command.
Unknown command.
Wield which item (- for none, * to show all)? (? for menu, Esc to quit)
Okay, then.
Unknown command.
Unknown command.
Are you sure you want to abandon this character and quit the game? (Confirm with "yes".)

. .▓▓ ..▓ ▓▓.▓
..▓ ..▓ ▓.▓ ▓ .
.▓..▓▓▓▓.▓.▓...▓.
........e........
...▓▓▓▓▓.▓.▓.▓.▓▓
▓.▓ ▓ ▓.▓ ▓.▓ ▓..
..▓ .▓. ▓ .


There were no monsters in sight!

Vanquished Creatures
  The ghost of gabygaby the Conjurer, an average HuCj (D:4)
  The ghost of utis the Digger, an average DEEE (D:3)
  A phantom (D:4)
  An iguana (D:4)
  4 orc wizards (D:4)
  Ijyb (D:2)
  4 adders (D:3)
  3 gnolls (D:2)
  2 worms (D:2)
  A giant gecko (D:1)
  An ooze (D:3)
  8 orcs (D:4)
  2 ball pythons (D:1)
  11 bats
  2 giant cockroaches
  8 hobgoblins
  11 kobolds
  6 giant newts
  9 goblins
  8 rats
85 creatures vanquished.

Notes
Turn   | Place    | Note
--------------------------------------------------------------
     0 | D:1      | utis, the Deep Elf Earth Elementalist, began the quest for the Orb.
     0 | D:1      | Reached XP level 1. HP: 10/10 MP: 5/5
   285 | D:1      | Reached XP level 2. HP: 9/15 MP: 4/8
   428 | D:1      | Reached skill level 4 in Earth Magic
  1302 | D:2      | Reached XP level 3. HP: 19/19 MP: 7/10
  1593 | D:2      | Noticed Ijyb
  1638 | D:2      | Killed Ijyb
  1638 | D:2      | Reached skill level 5 in Earth Magic
  2236 | D:2      | Learned a level 3 spell: Stone Arrow
  2239 | D:2      | Learned a level 2 spell: Stoneskin
  2473 | D:2      | Reached skill level 1 in Conjurations
  2473 | D:2      | Reached XP level 4. HP: 24/24 MP: 10/13
  2970 | D:3      | Noticed utis' ghost (average DEEE)
  3085 | D:3      | Killed utis' ghost
  3085 | D:3      | Reached XP level 5. HP: 28/28 MP: 13/16
  3770 | D:4      | Found Sausm's Armour Shoppe.
  3772 | D:4      | Found Pso Gry's General Store.
  3775 | D:4      | Bought a +0 pair of boots for 58 gold pieces
  3775 | D:4      | Bought a +0 pair of gloves for 58 gold pieces
  3800 | D:4      | Bought a scroll of identify for 28 gold pieces
  3800 | D:4      | Bought a potion of poison for 14 gold pieces
  3800 | D:4      | Bought a scroll of identify for 28 gold pieces
  3831 | D:4      | Noticed gabygaby's ghost (average HuCj)
  3846 | D:4      | Killed gabygaby's ghost
  3846 | D:4      | Reached skill level 6 in Conjurations
  3846 | D:4      | Reached XP level 6. HP: 19/32 MP: 1/18
  3952 | D:4      | Learned a level 3 spell: Passwall
  4161 | D:4      | Reached XP level 7. HP: 36/36 MP: 12/20
  4341 | D:4      | Noticed a phantom
  4347 | D:4      | Killed a phantom
  4347 | D:4      | Reached skill level 5 in Dodging
  4821 | D:4      | Cast into the Abyss (a distortion unwield)
  4822 | Abyss:1  | Quit the game

Action                   |  1- 3 |  4- 6 |  7- 9 || total
-------------------------+-------+-------+-------++-------
Melee: Dagger            |     5 |       |       ||     5
       Short sword       |       |     3 |       ||     3
       Spear             |       |       |     8 ||     8
Throw: Tomahawk          |       |     1 |     1 ||     2
 Cast: Sandblast         |    86 |    68 |     6 ||   160
       Stone Arrow       |       |    12 |    10 ||    22
       Stoneskin         |       |     1 |     1 ||     2
  Use: Scroll            |     1 |     7 |       ||     8
 Stab: Sleeping          |       |     1 |     1 ||     2
  Eat: Chunk             |     3 |     9 |    11 ||    23
       Beef jerky        |     1 |       |       ||     1
